 Dungeon Sprint DCSS version 0.26.1-11-gd32895ea62 (webtiles) character file.

Game seed: 9441707501668512862

10900000 Zeld the Conqueror (level 27, -4/273 HPs)
             Began as a Minotaur Monk on June 6, 2021.
             Was the Champion of Makhleb.
             Killed from afar by an observer (37 damage)
             ... with a fireball
             ... in the Dungeon (Sprint VIII: "Arena of Blood").
             The game lasted 00:02:27 (109 turns).

Zeld the Conqueror (Minotaur Monk)                   Turns: 109, Time: 00:02:27

Health: -4/273     AC:  4    Str: 27    XL:     27
Magic:  33/53      EV: 32    Int:  7    God:    Makhleb [******]
Gold:   0          SH:  0    Dex: 15    Spells: 80/80 levels left

rFire    . . .     SeeInvis .   h - +∞ Axe of Woe
rCold    . . .     Faith    .   (shield currently unavailable)
rNeg     . . .     Spirit   .   a - +0 robe
rPois    .         Reflect  .   (helmet restricted)
rElec    .         Harm     .   (no cloak)
rCorr    .         Rampage  .   (no gloves)
Will     ++...     NoTele   +   (no boots)
Stlth    +++++++++.             (no amulet)
HPRegen  0.55/turn              (no ring)
MPRegen  0.33/turn              (no ring)

@: no status effects
A: retaliatory headbutt, horns 2
a: Renounce Religion, Minor Destruction, Lesser Servant of Makhleb, Major
Destruction, Greater Servant of Makhleb


You were in the Dungeon.
You worshipped Makhleb.
Makhleb was exalted by your worship.
You visited 1 branch

Inventory:

Hand Weapons
 h - the +∞ Axe of Woe (weapon)
   (You found it in the Dungeon)
Armour
 a - a +0 robe (worn)
Scrolls
 g - a scroll of blinking
Potions
 b - a potion of curing
 c - a potion of heal wounds
 d - a potion of haste
 e - 2 potions of magic
 f - a potion of berserk rage


   Skills:
 O Level 27 Fighting
 O Level 27 Short Blades
 O Level 27 Long Blades
 O Level 27 Axes
 O Level 27 Maces & Flails
 O Level 27 Polearms
 O Level 27 Staves
 O Level 27 Slings
 O Level 27 Bows
 O Level 27 Crossbows
 O Level 27 Throwing
 O Level 27 Armour
 O Level 27 Dodging
 O Level 27 Stealth
 O Level 27 Shields
 O Level 27 Unarmed Combat
 O Level 27 Spellcasting
 O Level 27 Conjurations
 O Level 27 Hexes
 O Level 27 Summonings
 O Level 27 Necromancy
 O Level 27 Translocations
 O Level 27 Transmutations
 O Level 27 Fire Magic
 O Level 27 Ice Magic
 O Level 27 Air Magic
 O Level 27 Earth Magic
 O Level 27 Poison Magic
 O Level 27 Invocations
 O Level 27 Evocations


You had 80 spell levels left.
You didn't know any spells.
Your spell library was empty.

Dungeon Overview and Level Annotations

Branches:
Dungeon (1/1)

Altars:
Makhleb


Innate Abilities, Weirdness & Mutations

You reflexively headbutt those who attack you in melee.
You have a pair of horns on your head.


Message History

Unknown command.
Unknown command.
The eight-headed meat hydra roars!
You lop one of the eight-headed meat hydra's heads off!
The seven-headed meat hydra grows two more!
You cut the nine-headed meat hydra into ribbons!!!
You butcher the nine-headed meat hydra messily.
You kill the nine-headed meat hydra!
Makhleb accepts your kill.
You feel better.
You are engulfed in blazing flames.
You hear a shout! x4; You feel something staring at you.
A fireball appears from out of thin air!
The fireball explodes!
Deactivating autopickup; reactivate with Ctrl-A.
The fireball engulfs you!!!!
* * * LOW HITPOINT WARNING * * *
You hear a shout!
You feel something staring at you.
A fireball appears from out of thin air!
The fireball explodes!
The fireball engulfs you!!!
You die...

...o .. .....
... #... ..# .
#... ..# .
..###.o. o.###..
.......###......
.V......_o......
#.)○)○# #§§@)○#
#§)§§§#
...DL§§......
....D{###{O....
..###... MD###..
. #... ..# .
#... ..# D.o..
...


You could see an accursed, a tyrant, 4 eight-headed meat hydras, a meat
berserker (berserk) and 3 bags of meat.

Vanquished Creatures
  6 hell beasts (D)
  A royal mummy (D)
  2 great orbs of eyes (D)
  4 wraiths (D)
  11 vampire knights (D)
  29 ogres (D)
  6 two-headed ogres (D)
  6 liches (D)
  3 hydras (D)
  55 orcs (D)
  2 phantoms (D)
  5 skeletal warriors (D)
  6 large abominations (D)
  4 small abominations (D)
  7 crawling corpses (D)
147 creatures vanquished.

Notes
Turn   | Place    | Note
-------+----------+-------------------------------------------
     0 | D        | Found the +∞ Axe of Woe
     0 | D        | Zeld the Minotaur Monk began the quest for the Orb.
     0 | D        | Reached XP level 1. HP: 19/19 MP: 0/0
     4 | D        | Became a worshipper of Makhleb the Destroyer
     4 | D        | Reached * piety under Makhleb
     4 | D        | Reached ** piety under Makhleb
     6 | D        | Noticed a bag of meat
     8 | D        | Noticed a bag of meat
    11 | D        | Killed a bag of meat
    11 | D        | Noticed a meat berserker
    12 | D        | Reached XP level 2. HP: 55/55 MP: 1/1
    12 | D        | Reached XP level 3. HP: 62/62 MP: 2/2
    12 | D        | Reached XP level 4. HP: 70/70 MP: 3/3
    12 | D        | Reached XP level 5. HP: 77/77 MP: 4/4
    12 | D        | Reached XP level 6. HP: 85/85 MP: 5/5
    12 | D        | Reached XP level 7. HP: 92/92 MP: 6/6
    12 | D        | Reached XP level 8. HP: 100/100 MP: 7/7
    12 | D        | Reached XP level 9. HP: 107/107 MP: 8/8
    12 | D        | Reached XP level 10. HP: 115/115 MP: 9/9
    12 | D        | Reached XP level 11. HP: 123/123 MP: 10/10
    13 | D        | Killed a bag of meat
    13 | D        | Noticed a meat berserker
    14 | D        | Reached XP level 12. HP: 137/137 MP: 11/11
    14 | D        | Noticed a bag of meat
    15 | D        | Noticed a bag of meat
    15 | D        | Killed a bag of meat
    15 | D        | Killed a meat berserker
    15 | D        | Reached *** piety under Makhleb
    15 | D        | Noticed a bag of meat
    16 | D        | Reached skill level 10 in Stealth
    16 | D        | Reached XP level 13. HP: 155/155 MP: 12/12
    16 | D        | Reached XP level 14. HP: 163/163 MP: 13/13
    16 | D        | Noticed a bag of meat
    16 | D        | Killed a bag of meat
    17 | D        | Reached XP level 15. HP: 142/173 MP: 14/14
    17 | D        | Killed a meat berserker
    17 | D        | Reached **** piety under Makhleb
    18 | D        | Reached skill level 27 in Fighting
    18 | D        | Reached skill level 27 in Dodging
    18 | D        | Reached XP level 16. HP: 183/183 MP: 15/15
    20 | D        | Noticed a destroyer
    23 | D        | Reached skill level 27 in Unarmed Combat
    23 | D        | Noticed a destroyer
    25 | D        | Noticed a large bag of meat
    25 | D        | Killed a destroyer
    25 | D        | Noticed a meat berserker
    25 | D        | Noticed a destroyer
    26 | D        | Reached skill level 27 in Axes
    26 | D        | Reached XP level 17. HP: 191/191 MP: 16/16
    26 | D        | Noticed a meat berserker
    27 | D        | Killed a large bag of meat
    27 | D        | Reached ***** piety under Makhleb
    28 | D        | Noticed a meat berserker
    29 | D        | Reached XP level 18. HP: 190/200 MP: 17/17
    29 | D        | Noticed a sculptor of flesh
    30 | D        | Noticed a sculptor of flesh
    30 | D        | Killed a meat berserker
    30 | D        | Killed a sculptor of flesh
    31 | D        | Reached skill level 27 in Stealth
    31 | D        | Noticed a meat berserker
    32 | D        | Noticed a large bag of meat
    32 | D        | Noticed a sculptor of flesh
    33 | D        | Killed a meat berserker
    33 | D        | Killed a destroyer
    33 | D        | Killed a meat berserker
    33 | D        | Noticed a meat berserker
    33 | D        | Noticed a destroyer
    34 | D        | Reached skill level 10 in Short Blades
    34 | D        | Reached skill level 10 in Slings
    34 | D        | Reached skill level 10 in Bows
    34 | D        | Reached skill level 10 in Crossbows
    34 | D        | Reached XP level 19. HP: 196/207 MP: 17/28
    34 | D        | Reached XP level 20. HP: 204/216 MP: 17/29
    34 | D        | Killed a meat berserker
    34 | D        | Reached ****** piety under Makhleb
    34 | D        | Noticed a meat berserker
    35 | D        | Reached skill level 10 in Throwing
    35 | D        | Reached skill level 10 in Invocations
    36 | D        | Killed a destroyer
    37 | D        | Reached skill level 10 in Transmutations
    37 | D        | Reached skill level 10 in Earth Magic
    37 | D        | Reached XP level 21. HP: 217/224 MP: 17/32
    37 | D        | Noticed a destroyer
    38 | D        | Noticed a large bag of meat
    39 | D        | Reached skill level 15 in Long Blades
    39 | D        | Reached skill level 15 in Maces & Flails
    39 | D        | Reached skill level 15 in Polearms
    39 | D        | Reached skill level 15 in Staves
    39 | D        | Reached skill level 15 in Armour
    39 | D        | Reached skill level 15 in Shields
    39 | D        | Reached skill level 10 in Conjurations
    39 | D        | Reached skill level 10 in Summonings
    39 | D        | Reached skill level 10 in Necromancy
    39 | D        | Reached skill level 10 in Translocations
    39 | D        | Reached skill level 10 in Fire Magic
    39 | D        | Reached skill level 10 in Ice Magic
    39 | D        | Reached skill level 10 in Air Magic
    39 | D        | Reached skill level 10 in Poison Magic
    39 | D        | Noticed a destroyer
    40 | D        | Killed a destroyer
    41 | D        | Reached skill level 15 in Short Blades
    41 | D        | Reached skill level 15 in Slings
    41 | D        | Reached skill level 15 in Bows
    41 | D        | Reached skill level 15 in Crossbows
    41 | D        | Reached skill level 10 in Spellcasting
    41 | D        | Reached skill level 10 in Hexes
    41 | D        | Reached XP level 22. HP: 233/233 MP: 18/35
    41 | D        | Killed a large bag of meat
    41 | D        | Noticed a destroyer
    42 | D        | Reached skill level 15 in Throwing
    42 | D        | Reached skill level 15 in Invocations
    42 | D        | Noticed a tyrant
    42 | D        | Killed a destroyer
    42 | D        | Noticed a large bag of meat
    43 | D        | Reached XP level 23. HP: 232/240 MP: 18/37
    46 | D        | Reached XP level 24. HP: 243/249 MP: 19/38
    47 | D        | Reached skill level 15 in Transmutations
    47 | D        | Reached skill level 15 in Earth Magic
    47 | D        | Killed a destroyer
    47 | D        | Noticed a destroyer
    48 | D        | Killed a large bag of meat
    49 | D        | Reached skill level 15 in Conjurations
    49 | D        | Reached skill level 15 in Summonings
    49 | D        | Reached skill level 15 in Necromancy
    49 | D        | Reached skill level 15 in Translocations
    49 | D        | Reached skill level 15 in Fire Magic
    49 | D        | Reached skill level 15 in Ice Magic
    49 | D        | Reached skill level 15 in Air Magic
    49 | D        | Reached skill level 15 in Poison Magic
    49 | D        | Reached XP level 25. HP: 218/257 MP: 19/39
    51 | D        | Killed a destroyer
    52 | D        | Killed a large bag of meat
    52 | D        | Killed a tyrant
    53 | D        | Reached skill level 15 in Spellcasting
    53 | D        | Reached skill level 15 in Hexes
    53 | D        | Reached XP level 26. HP: 222/266 MP: 20/41
    55 | D        | Noticed a tyrant
    57 | D        | Noticed a meat beast
    58 | D        | Reached XP level 27. HP: 255/273 MP: 21/42
    58 | D        | Killed a tyrant
    59 | D        | Noticed a tyrant
    61 | D        | Noticed a dread
    61 | D        | Killed a meat beast
    61 | D        | Noticed a destroyer
    62 | D        | Reached skill level 27 in Long Blades
    62 | D        | Reached skill level 27 in Maces & Flails
    62 | D        | Reached skill level 27 in Polearms
    62 | D        | Reached skill level 27 in Staves
    62 | D        | Reached skill level 27 in Armour
    62 | D        | Reached skill level 27 in Shields
    63 | D        | Noticed a meat beast
    65 | D        | Killed a tyrant
    65 | D        | Noticed a meat beast
    66 | D        | Noticed a dread
    67 | D        | Killed a meat beast
    68 | D        | Reached skill level 27 in Short Blades
    68 | D        | Reached skill level 27 in Slings
    68 | D        | Reached skill level 27 in Bows
    68 | D        | Reached skill level 27 in Crossbows
    69 | D        | Killed a meat beast
    70 | D        | Reached skill level 27 in Throwing
    70 | D        | Reached skill level 27 in Invocations
    70 | D        | Noticed a destroyer
    71 | D        | Noticed a destroyer
    72 | D        | Noticed a tyrant
    72 | D        | Noticed a tyrant
    74 | D        | Killed a dread
    75 | D        | Reached skill level 27 in Evocations
    75 | D        | Noticed an accursed
    75 | D        | Noticed a meat beast
    76 | D        | Killed a destroyer
    77 | D        | Killed a destroyer
    78 | D        | Reached skill level 27 in Transmutations
    78 | D        | Reached skill level 27 in Earth Magic
    79 | D        | Noticed an accursed
    80 | D        | Killed a dread
    80 | D        | Killed a meat beast
    81 | D        | Reached skill level 27 in Spellcasting
    81 | D        | Reached skill level 27 in Conjurations
    81 | D        | Reached skill level 27 in Hexes
    81 | D        | Reached skill level 27 in Summonings
    81 | D        | Reached skill level 27 in Necromancy
    81 | D        | Reached skill level 27 in Translocations
    81 | D        | Reached skill level 27 in Fire Magic
    81 | D        | Reached skill level 27 in Ice Magic
    81 | D        | Reached skill level 27 in Air Magic
    81 | D        | Reached skill level 27 in Poison Magic
    82 | D        | Killed a tyrant
    83 | D        | Noticed a large bag of meat
    87 | D        | Noticed a destroyer
    90 | D        | Killed a tyrant
    91 | D        | Noticed a dread
    91 | D        | Noticed a large bag of meat
    93 | D        | Killed a destroyer
    94 | D        | Killed a large bag of meat
    96 | D        | Noticed a dread
    97 | D        | Noticed a tyrant
    97 | D        | Noticed an accursed
    98 | D        | Noticed a meat beast
    99 | D        | Noticed a meat beast
   100 | D        | Killed an accursed
   100 | D        | Killed a large bag of meat
   101 | D        | Killed a tyrant
   103 | D        | Killed a meat beast
   103 | D        | Killed a meat beast
   103 | D        | Killed a dread
   104 | D        | Killed a dread
   105 | D        | Noticed an accursed
   106 | D        | Noticed a tyrant
   107 | D        | Killed a destroyer
   109 | D        | Killed from afar by an observer

Illustrated notes

Levels and vault maps discovered:
D:        meatsprint

Skill      XL: |  1  2  3  4  5  6  7  8  9 10 11 12 13 14 15 16 17 18 19 20 21 22 23 24 25 26 27 |
---------------+----------------------------------------------------------------------------------+-----
Fighting       | 19 21 25 26 27 | 27.0
Axes           | 4 7 12 13 18 27 | 27.0
Dodging        | 17 19 23 27 | 27.0
Stealth        | 6 7 10 12 19 26 27 | 27.0
Unarmed Combat | 17 19 23 24 26 27 | 27.0
Short Blades   | 10 12 15 16 18 20 21 23 27 | 27.0
Long Blades    | 11 13 16 18 20 21 23 25 27 | 27.0
Maces & Flails | 11 13 16 18 20 21 23 25 27 | 27.0
Polearms       | 11 13 16 18 20 21 23 25 27 | 27.0
Staves         | 11 14 16 18 20 21 23 25 27 | 27.0
Slings         | 10 12 15 16 18 20 21 23 27 | 27.0
Bows           | 10 13 15 16 18 20 21 23 27 | 27.0
Crossbows      | 10 12 15 16 18 20 21 23 27 | 27.0
Throwing       | 9 12 14 15 17 18 20 21 27 | 27.0
Armour         | 11 13 16 18 20 21 23 25 27 | 27.0
Shields        | 11 13 16 18 20 21 23 25 27 | 27.0
Spellcasting   | 6 8 10 11 12 13 15 16 27 | 27.0
Conjurations   | 7 9 11 12 13 15 16 17 27 | 27.0
Hexes          | 6 8 10 11 12 13 15 16 27 | 27.0
Summonings     | 7 9 11 12 13 15 16 17 27 | 27.0
Necromancy     | 7 9 11 12 13 15 16 17 27 | 27.0
Translocations | 7 9 11 12 13 15 16 17 27 | 27.0
Transmutations | 8 10 12 13 14 16 17 18 27 | 27.0
Fire Magic     | 7 9 11 12 13 15 16 17 27 | 27.0
Ice Magic      | 7 9 11 12 13 15 16 17 27 | 27.0
Air Magic      | 7 9 11 12 13 15 16 17 27 | 27.0
Earth Magic    | 8 10 12 13 14 16 17 18 27 | 27.0
Poison Magic   | 7 9 11 12 13 15 16 17 27 | 27.0
Invocations    | 9 12 14 15 17 18 20 21 27 | 27.0
Evocations     | 9 11 13 14 16 17 19 20 27 | 27.0

Action                   |  1- 3 |  4- 6 |  7- 9 | 10-12 | 13-15 | 16-18 | 19-21 | 22-24 | 25-27 || total
-------------------------+-------+-------+-------+-------+-------+-------+-------+-------+-------++-------
Melee: Executioner's axe |     1 |       |       |     2 |     2 |     6 |     7 |     6 |    50 ||    74
 Stab: Distracted        |       |       |       |     1 |       |       |       |       |       ||     1
Dodge: Dodged            |       |       |       |       |       |       |       |     1 |     7 ||     8
